 Dungeon Crawl Stone Soup version 0.28.0-62-gf88900778d (webtiles) character file.

Game seed: 17891699772945960746

52572 cbfl8 the Severer (level 14, -2/145 HPs)
             Began as a Minotaur Berserker on Feb 27, 2023.
             Was a High Priest of Trog.
             Killed from afar by a tengu conjurer (29 damage)
             ... with a bolt of lightning
             ... on level 15 of the Dungeon.
             The game lasted 00:30:14 (24235 turns).

cbfl8 the Severer (Minotaur Berserker)             Turns: 24235, Time: 00:30:15

Health: -2/145     AC: 23    Str: 23    XL:     14   Next: 27%
Magic:  0/13       EV:  8    Int:  4    God:    Trog [*****.]
Gold:   708        SH: 16    Dex: 14    Spells: 13/13 levels left

rFire   + . .      SeeInvis .   e - +3 broad axe (flame)
rCold   . . .      Faith    .   b - +0 kite shield
rNeg    + . .      Spirit   .   E - +0 plate armour {rF+}
rPois   .          Reflect  +   (helmet restricted)
rElec   .          Harm     .   a - +0 cloak
rCorr   .          Rampage  .   h - +2 pair of gloves {infuse}
Will    +....                   r - +0 pair of boots
Stlth   ..........              j - amulet of reflection
HPRegen 0.34/turn               f - ring of positive energy
MPRegen 0.13/turn               (no ring)

@: on berserk cooldown, slowed, very slow
A: horns 2, retaliatory headbutt, robust 1, wild magic 1
a: Renounce Religion, Berserk, Trog's Hand, Brothers in Arms


You were on level 15 of the Dungeon.
You worshipped Trog.
Trog was extremely pleased with you.
You visited 2 branches of the dungeon, and saw 16 of its levels.
You visited the Abyss 1 time.
You also visited: Ossuary.

You collected 838 gold pieces.
You spent 130 gold pieces at shops.

Inventory:

Hand Weapons
 e - a +3 broad axe of flaming (weapon)
Missiles
 s - 2 throwing nets
Armour
 a - a +0 cloak (worn)
 b - a +0 kite shield (worn)
 h - a +2 pair of gloves of infusion (worn)
 r - a +0 pair of boots (worn)
 E - a +0 plate armour of fire resistance (worn)
Jewellery
 f - a ring of positive energy (left hand)
 j - an amulet of reflection (around neck)
Wands
 c - a wand of iceblast (5)
 p - a wand of digging (6)
 y - a wand of acid (4) (quivered)
 D - a wand of flame (8)
 I - a wand of paralysis (4)
Scrolls
 d - 2 scrolls of brand weapon
 g - 3 scrolls of enchant armour
 m - 3 scrolls of blinking
 u - 2 scrolls of fog
 x - 2 scrolls of magic mapping
 B - a scroll of immolation {unknown}
 H - a scroll of holy word
 K - a scroll of silence {unknown}
 L - 2 scrolls of teleportation
Potions
 k - 3 potions of berserk rage
 l - 2 potions of might {unknown}
 n - 2 potions of cancellation {unknown}
 o - 2 potions of ambrosia {unknown}
 q - 2 potions of flight
 t - 2 potions of brilliance {unknown}
 v - a potion of magic {unknown}
 w - 3 potions of lignification
 z - a potion of invisibility {unknown}
 A - 3 potions of attraction {unknown}
 C - a potion of mutation
 F - 4 potions of heal wounds
 G - 2 potions of curing
 J - a potion of resistance {unknown}
Miscellaneous
 i - a phantom mirror


   Skills:
 * Level 14.1 Fighting
 * Level 20.7 Axes
 * Level 14.7 Armour
 + Level 4.3 Dodging
 + Level 2.2 Stealth
 + Level 10.4 Shields
 * Level 4.5 Evocations


You had 13 spell levels left.
You didn't know any spells.
Your spell library was empty.

Dungeon Overview and Level Annotations

Branches:
Dungeon (15/15)            Temple (0/1) D:4            Lair (0/6) D:10
    Orc (1/2) D:9          Vaults (0/5) D:13        Ossuary (visited)
 Depths: D:15

Altars:
Ashenzari
Cheibriados
Dithmenos
Fedhas
Gozag
Nemelex Xobeh
Ru
Sif Muna
Trog
Wu Jian
Yredelemnul
Zin
The Shining One
Beogh

Shops:
D:2 [*=   D:5 :   D:6 ::[[(   D:10 *(!!

Portals:
Trove: D:10 (give +7 demon whip)

Annotations:
D:12 3 runed translucent doors, Plog's ghost, journeyman DgVM


Innate Abilities, Weirdness & Mutations

You have a pair of horns on your head.
You reflexively headbutt those who attack you in melee.
You are robust. (+10% HP)
Your spells are a little harder to cast, but a little more powerful.


Message History

The seven-headed hydra bites you but does no damage.
The seven-headed hydra barely misses you.
You block the seven-headed hydra's attack. x2
You chop one of the seven-headed hydra's heads off!
The flame cauterises the wound!
You slice the six-headed hydra!! You burn the six-headed hydra.
The six-headed hydra is moderately wounded.
The six-headed hydra bites you! The six-headed hydra bites you.
* * * LOW HITPOINT WARNING * * *
You block the six-headed hydra's attack.
The six-headed hydra barely misses you. The six-headed hydra bites you.
* * * LOW HITPOINT WARNING * * *
The six-headed hydra bites you!
* * * LOW HITPOINT WARNING * * *
You block the six-headed hydra's attack.
The six-headed hydra barely misses you.
The six-headed hydra bites you but does no damage. x3
The six-headed hydra barely misses you.
You chop one of the six-headed hydra's heads off!
The flame cauterises the wound!
You slice the five-headed hydra!! You burn the five-headed hydra!
The five-headed hydra is severely wounded.
The five-headed hydra bites you but does no damage.
The five-headed hydra barely misses you.
You block the five-headed hydra's attack.
The five-headed hydra bites you but does no damage.
The five-headed hydra bites you.
* * * LOW HITPOINT WARNING * * *
You hack one of the five-headed hydra's heads off!
The flame cauterises the wound!
You slice the four-headed hydra!! You burn the four-headed hydra.
You kill the four-headed hydra!
Trog accepts your kill.
A tengu conjurer comes into view.
Unknown command.
You see here a +0 scale mail.
Unknown command.
The tengu conjurer casts a spell at you.
The bolt of lightning hits you!!
You die...

## ## #.. .## #
### ..# ..
.###..# #..
.##...#.#
#..##.......#
#........#..#
#.."..[.#?.# #
#.<..[}..#.#
#..#..))@..#.# #
#:.#.....[..# #
.......Q##..# .
#..#...##....# #
....###.)...#.# #
##.# #..###### #
#.#####.#
#########.......#
...|...#####.#.##


You could see a tengu conjurer.

Vanquished Creatures
  Jorgrun (D:15)
  2 ghouls (D:13)
  Azrael (D:15)
  3 vault guards (D:13)
  2 boulder beetles
  A hydra (D:15)
  An ice dragon (D:10)
  An ogre mage (D:10)
  6 centaur warriors
  8 two-headed ogres
  2 tengu warriors
  6 death yaks (D:10)
  A deep elf knight (D:13)
  Nergalle (D:12)
  2 skeletal warriors (D:13)
  A sun demon (Abyss:1)
  A wizard (D:13)
  2 orc knights (D:13)
  8 deep elf pyromancers
  8 deep elf zephyrmancers
  2 orc sorcerers
  3 cyclopes
  3 manticores
  A black mamba (shapeshifter) (D:13)
  2 gargoyles (D:12)
  A yaktaur (D:13)
  A komodo dragon (D:11)
  An unseen horror (D:10)
  A freezing wraith (Abyss:1)
  A guardian mummy (D:13)
  An efreet (D:10)
  3 tengu conjurers
  2 hellwings (Abyss:1)
  3 trolls
  A hornet (D:8)
  Prince Ribbit (D:6)
  8 slime creatures (D:12)
  4 raiju (Abyss:1)
  A ynoxinul (Abyss:1)
  3 shadows
  A vampire (D:10)
  2 starcursed masses (Abyss:1)
  A wraith (D:13)
  A wyvern (D:7)
  2 basilisks
  4 fire elementals (D:15)
  2 steam dragons
  19 yaks
  Grum (D:9)
  Menkaure (D:6)
  A hell hound (D:15)
  An acid dragon (D:9)
  A water moccasin (D:7)
  A swamp drake (D:9)
  An ice beast (D:6)
  14 orc warriors
  2 sky beasts (D:5)
  4 ogres
  A black bear (D:4)
  4 wolves (D:9)
  4 necrophages (D:7)
  3 centaurs
  A phantom (D:2)
  A kobold brigand (D:9)
  3 bullfrogs (D:7)
  An elf zombie (Ossuary)
  5 wyvern zombies
  A scorpion (D:7)
  11 killer bees
  9 wights
  2 electric eels
  A howler monkey (D:10)
  5 centaur zombies
  A gnoll shaman (D:4)
  2 bullfrog zombies
  2 human zombies (D:6)
  2 jellies
  3 hounds
  9 orc priests
  Crazy Yiuf (D:4)
  Ijyb (D:5)
  An iguana (D:4)
  11 orc wizards
  A small abomination (Abyss:1)
  2 hound zombies
  3 howler monkey zombies
  6 mummies
  13 gnolls
  6 adders
  An ufetubus (D:4)
  2 adder zombies
  6 worms
  5 dart slugs
  59 orcs
  6 ball pythons
  8 bats
  10 endoplasms
  3 giant cockroaches
  11 goblins
  7 hobgoblins
  4 jackals
  4 quokkas
  2 frilled lizards (D:3)
  A gnoll zombie (Ossuary)
  3 goblin zombies (Ossuary)
  2 hobgoblin zombies
  11 kobolds
  3 kobold zombies (Ossuary)
  2 quokka zombies (Ossuary)
  7 rats
  6 rat zombies (Ossuary)
  2 bushes (D:7)
  A lurking horror (Abyss:1)
442 creatures vanquished.

Vanquished Creatures (collateral kills)
  An orc knight (D:10)
  A queen bee (shapeshifter) (D:10)
2 creatures vanquished.

Vanquished Creatures (others)
  An orc sorcerer (D:10)
  2 bushes (D:7)
  55 plants
  A withered plant (D:13)
59 creatures vanquished.

Grand Total: 503 creatures vanquished

Notes
Turn   | Place    | Note
-------+----------+-------------------------------------------
     0 | D:1      | cbfl8 the Minotaur Berserker began the quest for the Orb.
     0 | D:1      | Reached XP level 1. HP: 19/19 MP: 0/0
   474 | D:1      | Reached XP level 2. HP: 27/27 MP: 1/1
   504 | D:1      | Found a faded altar of an unknown god.
   575 | D:1      | Reached skill level 4 in Axes
  1380 | D:1      | Reached XP level 3. HP: 8/33 MP: 2/2
  2266 | D:2      | Noticed a phantom
  2274 | D:2      | Killed a phantom
  2275 | D:2      | Reached skill level 5 in Axes
  2275 | D:2      | Reached XP level 4. HP: 30/41 MP: 0/3
  2513 | D:2      | Found Tiossase's Assorted Antiques.
  2610 | D:2      | Found Hausi's Antique Armour Shop.
  2772 | D:2      | Reached ** piety under Trog
  2803 | D:2      | Found Erhebo Zoir's Jewellery Shop.
  3090 | D:3      | Reached XP level 5. HP: 45/47 MP: 0/4
  3832 | D:3      | Noticed a moth of wrath
  3834 | D:3      | Found a bloodstained altar of Trog.
  4367 | D:3      | Found a basalt altar of Yredelemnul.
  4726 | D:4      | Reached skill level 6 in Axes
  4833 | D:4      | Reached skill level 1 in Stealth
  4896 | D:4      | Reached skill level 5 in Fighting
  4903 | D:4      | Reached XP level 6. HP: 56/56 MP: 0/5
  5188 | D:4      | Found a staircase to the Ecumenical Temple.
  5274 | D:4      | Reached skill level 7 in Axes
  5278 | D:4      | Reached skill level 1 in Shields
  5463 | D:4      | Reached *** piety under Trog
  5469 | D:4      | Reached XP level 7. HP: 14/61 MP: 0/6
  5477 | D:4      | Gained mutation: Your spells are a little harder to cast,
                  | but a little more powerful. [potion of mutation]
  5477 | D:4      | Gained mutation: You are robust. (+10% HP) [potion of
                  | mutation]
  5856 | D:4      | Found a glowing golden altar of the Shining One.
  6028 | D:4      | Found a runed translucent door.
  6029 | D:4      | Noticed Crazy Yiuf
  6061 | D:4      | Found an opulent altar of Gozag.
  6097 | D:4      | Found a shadowy altar of Dithmenos.
  6211 | D:4      | Found a glowing silver altar of Zin.
  6532 | D:4      | Killed Crazy Yiuf
  6585 | D:5      | Entered Level 5 of the Dungeon
  6655 | D:5      | Found Katropic's Book Emporium.
  6758 | D:5      | Noticed Ijyb
  6762 | D:5      | Killed Ijyb
  6865 | D:5      | Reached skill level 8 in Axes
  6978 | D:5      | Found a snail-covered altar of Cheibriados.
  7172 | D:5      | Reached skill level 5 in Armour
  7172 | D:5      | Reached XP level 8. HP: 77/77 MP: 3/7
  7464 | D:6      | Identified a scroll of acquirement
  7517 | D:6      | Found Qaphepla's Armour Shoppe.
  7689 | D:6      | Found a sand-covered staircase.
  7713 | D:6      | Reached skill level 9 in Axes
  7720 | Ossuary  | Entered an ossuary
  8041 | Ossuary  | Reached **** piety under Trog
  8271 | D:6      | Found Bautoah's Book Shoppe.
  8300 | D:6      | Reached skill level 10 in Axes
  8458 | D:6      | Found Guekhih's Armour Boutique.
  8473 | D:6      | Found Fopn's Book Boutique.
  8586 | D:6      | Noticed Menkaure
  8595 | D:6      | Killed Menkaure
  8602 | D:6      | Reached XP level 9. HP: 85/85 MP: 0/8
  8606 | D:6      | Reached skill level 11 in Axes
  8804 | D:6      | Found Giadapt's Weapon Emporium.
  8805 | D:6      | Noticed Prince Ribbit
  8819 | D:6      | Killed Prince Ribbit
  9677 | D:7      | Reached skill level 12 in Axes
  9970 | D:7      | Reached skill level 5 in Shields
 10111 | D:7      | Found a blossoming altar of Fedhas.
 10229 | D:7      | Reached XP level 10. HP: 96/96 MP: 3/9
 11037 | D:8      | Found a sparkling altar of Nemelex Xobeh.
 11038 | D:8      | Found an ornate altar of the Wu Jian Council.
 11216 | D:8      | Paralysed by a hornet for 3 turns
 11526 | D:8      | Found a sacrificial altar of Ru.
 12005 | D:8      | Found a shimmering blue altar of Sif Muna.
 12166 | D:9      | Reached skill level 13 in Axes
 12189 | D:9      | Reached ***** piety under Trog
 12467 | D:9      | Noticed Grum
 12491 | D:9      | Noticed a two-headed ogre
 12495 | D:9      | Noticed a two-headed ogre
 12498 | D:9      | Noticed a two-headed ogre
 12500 | D:9      | Killed a two-headed ogre
 12856 | D:9      | Killed a two-headed ogre
 12983 | D:9      | Noticed a cyclops
 12995 | D:9      | Killed a cyclops
 12996 | D:9      | Reached XP level 11. HP: 57/106 MP: 5/10
 13002 | D:9      | Reached skill level 14 in Axes
 13007 | D:9      | Killed Grum
 13967 | D:9      | Cast into level 1 of the Abyss (orc warrior)
 14060 | Abyss:1  | Noticed a sun demon
 14079 | Abyss:1  | Killed a sun demon
 14112 | Abyss:1  | Acquired a manual of Axes
 14202 | Abyss:1  | Noticed a starcursed mass
 14217 | Abyss:1  | Killed a starcursed mass
 14220 | Abyss:1  | Killed a starcursed mass
 14224 | D:9      | Escaped the Abyss
 14441 | D:9      | Found a staircase to the Orcish Mines.
 14449 | D:9      | Killed a two-headed ogre
 14450 | D:9      | Reached skill level 10 in Armour
 14459 | D:9      | Noticed a two-headed ogre
 14471 | Orc:1    | Entered Level 1 of the Orcish Mines
 14637 | Orc:1    | Noticed an orc knight
 14647 | D:9      | Killed a two-headed ogre
 14648 | D:9      | Reached skill level 1 in Evocations
 14652 | D:9      | Reached skill level 15 in Axes
 14655 | D:9      | Reached skill level 10 in Fighting
 15392 | D:10     | Entered Level 10 of the Dungeon
 15412 | D:10     | Noticed a deep elf zephyrmancer
 15420 | D:10     | Killed a deep elf zephyrmancer
 15427 | D:10     | Noticed an orc sorcerer
 15430 | D:10     | Paralysed by an orc sorcerer for 2 turns
 15434 | D:10     | Paralysed by an orc sorcerer for 5 turns
 15435 | D:10     | Killed an orc sorcerer
 15440 | D:10     | Noticed a deep elf pyromancer
 15464 | D:10     | Noticed a tengu warrior
 15481 | D:10     | Killed a tengu warrior
 15569 | D:10     | Reached skill level 16 in Axes
 15570 | D:10     | HP: 5/110 [barbs]
 15571 | D:10     | HP: 1/110 [barbs]
 16119 | D:10     | Noticed an orc sorcerer
 16123 | D:10     | Killed an orc sorcerer
 16179 | D:10     | Found a portal to a secret trove of treasure.
 16183 | D:10     | Killed a deep elf pyromancer
 16185 | D:10     | Received a gift from Trog
 16257 | D:10     | Found the +18 shield of the Gong {rElec rN+ Will+ EV-5}
 16292 | D:10     | Identified the +6 battleaxe "Luppaemn" {flame, *Rage rElec
                  | Int+5 Dex-5}
 16292 | D:10     | Noticed an ogre mage
 16296 | D:10     | Paralysed by something for 5 turns
 16308 | D:10     | Killed an ogre mage
 16339 | D:10     | Noticed an orc knight
 16347 | D:10     | Killed an orc knight
 16524 | D:10     | Noticed a deep elf pyromancer
 16536 | D:10     | Killed a deep elf pyromancer
 16537 | D:10     | Reached XP level 12. HP: 115/118 MP: 11/11
 16623 | D:10     | Noticed an ice dragon
 16631 | D:10     | Killed an ice dragon
 16635 | D:10     | Reached skill level 17 in Axes
 16946 | D:10     | Found Dedee's Weapon Shop.
 16958 | D:10     | Noticed a death yak
 16958 | D:10     | Noticed a death yak
 16958 | D:10     | Noticed a death yak
 16959 | D:10     | Noticed a death yak
 16960 | D:10     | Noticed a death yak
 16961 | D:10     | Found a staircase to the Lair.
 16961 | D:10     | Noticed a death yak
 16965 | D:10     | Killed a death yak
 16966 | D:10     | Killed a death yak
 16970 | D:10     | Killed a death yak
 16973 | D:10     | Killed a death yak
 16974 | D:10     | Killed a death yak
 16975 | D:10     | Reached skill level 18 in Axes
 16975 | D:10     | Killed a death yak
 17470 | D:10     | You fall into a shaft and drop 2 floors!
 17712 | D:10     | Noticed a two-headed ogre
 17714 | D:10     | Found a broken altar of Ashenzari.
 17717 | D:10     | Killed a two-headed ogre
 17844 | D:10     | Found Ufoonif's Distillery.
 17847 | D:10     | Bought a potion of heal wounds for 60 gold pieces
 17970 | D:10     | Found Osicati's Distillery.
 18200 | D:10     | Found Vomingootin's General Store.
 18208 | D:10     | Bought a scroll of identify for 28 gold pieces
 18208 | D:10     | Bought a scroll of teleportation for 42 gold pieces
 18678 | D:11     | Noticed a two-headed ogre
 18687 | D:11     | Killed a two-headed ogre
 18688 | D:11     | Reached skill level 19 in Axes
 19209 | D:11     | Noticed a two-headed ogre
 19218 | D:11     | Killed a two-headed ogre
 19366 | D:12     | Found a runed translucent gate.
 19366 | D:12     | Noticed Plog's ghost (journeyman DgVM)
 19381 | D:12     | Noticed Nergalle
 19392 | D:12     | Killed Nergalle
 19714 | D:12     | Reached XP level 13. HP: 97/129 MP: 0/12
 20652 | D:12     | Found a runed translucent gate.
 20652 | D:12     | Found a runed translucent gate.
 20774 | D:13     | Noticed a ghoul
 20788 | D:13     | Killed a ghoul
 21210 | D:13     | Reached skill level 20 in Axes
 21479 | D:13     | Noticed a ghoul
 21491 | D:13     | Killed a ghoul
 22153 | D:13     | Found a gate to the Vaults.
 23550 | D:15     | Entered Level 15 of the Dungeon
 23555 | D:15     | Reached skill level 10 in Shields
 23589 | D:15     | Noticed Azrael
 23594 | D:15     | Killed Azrael
 23595 | D:15     | Reached XP level 14. HP: 143/143 MP: 1/13
 23755 | D:15     | Noticed Jorgrun
 23776 | D:15     | Killed Jorgrun
 24235 | D:15     | Killed from afar by a tengu conjurer

Illustrated notes

Levels and vault maps discovered:
D:1:      dpeg_arrival_water_fire, layout_basic,
          dreamdust_ecumenical_altar_angels_and_demons
D:2:      layout_loops_ring, serial_shops, shop, nicolae_shop_hallway_plus, shop
D:3:      layout_loops_corners, tgw_trog, mainiacjoe_overflow_alcove_4,
          minmay_unequal
D:4:      layout_cave_pools, pdpol_temple_overflow_zin_treasury_gozag_greed,
          kennysheep_little_box, tso_metal_star,
          minmay_temple_entry_gardened_gates, minmay_goblin_outpost,
          uniq_crazy_yiuf_cottage
D:5:      minmay_diamond_boxcup, layout_rooms, chei_slow_surprise, serial_shops,
          nicolae_stop_n_shop_1, uniq_ijyb
D:6:      layout_gridville, enter_ossuary_3, serial_shops,
          nicolae_stop_n_shop_2, shop, nicolae_shop_bloodbath_and_beyond, shop,
          shop, uniq_menkaure, uniq_prince_ribbit1
D:7:      layout_gridville, fedhas_altar_decomposition
D:8:      layout_gridville, general_overflow_altar, grunt_temple_overflow_open,
          nicolae_ru_the_path_less_chosen
D:9:      nzn_winding_woodlands_small [nzn_winding_woodlands_5x15_default,
          nzn_winding_woodlands_center_triple_pond,
          nzn_winding_woodlands_5x15_split_checker], layout_long_grid,
          erik_orc_1, serial_bayou_lagoon_a, dk_noncrumbling_4, uniq_grum
D:10:     minmay_the_grid_plus [minmay_the_grid_eight,
          minmay_the_grid_holed_spiral, minmay_the_grid_armoury,
          minmay_the_grid_tri_star, minmay_the_grid_prize_trominoes],
          layout_grid_maze, nicolae_ashenzari_panopticon, dpeg_lair_monsters,
          nicolae_trove_entry_crossroad, serial_shops,
          nicolae_shop_behind_doors, nicolae_shop_waterfront, shop,
          kennysheep_mini
D:11:     layout_stronghold
D:12:     layout_roguey, biasface_ghost_orc_armoury, serial_bayou_ford_a,
          uniq_nergalle
D:13:     layout_rooms, grunt_vaults_entry_fortified, serial_undead,
          serial_undead_e, serial_undead_b, serial_undead_e, serial_undead_f,
          st_stairs_12
D:14:     layout_roguey [special_room_orc], serial_bayou_pond_c,
          bh_hangedman_babel_library
D:15:     hangedman_depths_entry_try_elsewhere_first, layout_loops_ring,
          nzn_wu_jian_council_hall, elves_outpost_lemuel, uniq_roxanne,
          uniq_azrael, uniq_jorgrun
Orc:1:    layout_caves, basic_altar, serial_shops, nicolae_shop_hallway_plus

Skill      XL: |  1  2  3  4  5  6  7  8  9 10 11 12 13 14 |
---------------+-------------------------------------------+-----
Fighting       | 4 5 6 7 9 10 12 13 14 | 14.1
Axes           | 4 5 6 7 8 10 12 13 16 19 20 | 20.7
Dodging        | 3 4 |  4.3
Stealth        | 1 2 |  2.2
Armour         | 3 5 6 7 9 11 12 14 | 14.7
Shields        | 1 2 4 5 7 8 9 10 | 10.4
Evocations     | 1 2 4 |  4.5

Action                   |  1- 3 |  4- 6 |  7- 9 | 10-12 | 13-15 || total
-------------------------+-------+-------+-------+-------+-------++-------
Melee: Hand axe          |    29 |       |       |       |       ||    29
       Headbutt          |     6 |    19 |    33 |    99 |    49 ||   206
       War axe           |    39 |   130 |   244 |   323 |       ||   736
       Broad axe         |       |       |       |   129 |   253 ||   382
Invok: Berserk           |     1 |     2 |     1 |    11 |    10 ||    25
       Trog's Hand       |       |       |       |     4 |       ||     4
       Brothers in Arms  |       |       |       |     2 |       ||     2
Evoke: Wand              |       |       |     1 |    14 |       ||    15
  Use: Scroll            |       |       |     9 |     6 |     2 ||    17
       Potion            |       |       |     2 |     6 |       ||     8
 Stab: Sleeping          |       |     1 |       |       |       ||     1
Armor: Animal skin       |     8 |    21 |       |       |       ||    29
       Chain mail        |       |    82 |    83 |       |       ||   165
       Plate armour      |       |       |    56 |   220 |    92 ||   368
Dodge: Dodged            |    30 |    62 |    67 |   109 |    47 ||   315
Block: Kite shield       |       |    22 |    96 |   218 |   156 ||   492
       Reflection        |       |       |       |     1 |    14 ||    15
